Map: Templo helado

Players

TIMONEN - Winner!

  • Race: Terran Terran
  • League: Diamond

nunu

  • Race: Protoss Protoss
  • League: Diamond

VOD

Have the link to the VOD?

Description

Time

  • Played on: Aug. 5, 2016, 10:33 a.m.
  • Length: 11:12
Show
View Real Time Build Order
Export as new Build Order

TIMONEN Terran - Winner!

Build Orders: MMM Bio 

Get SALT Encoding   

  12  0:00  SCV  
  13  0:13  SCV  
  14  0:18  Supply Depot  
  14  0:25  SCV  
  15  0:40  SCV  
  16  0:43  Barracks  
  16  0:47  Refinery  
  16  0:52  SCV  
  18  1:04  SCV  
  18  1:16  SCV  
  19  1:32  Barracks Reactor  
  19  1:34  Supply Depot  
  19  1:36  Orbital Command  
  19  2:02  Command Center  
  19  2:04  SCV  
  20  2:10  Barracks  
  20  2:15  Barracks Reactor  
  20  2:16  SCV  
  21  2:28  Factory  
  21  2:32  SCV  
  22  2:39  Refinery  
  22  2:44  SCV  
  23  2:51  Supply Depot  
  23  2:53  Marine x2  
  23  2:56  SCV  
  23  2:57  Marine x2  
  28  3:08  SCV  
  28  3:11  Marine x2, Factory Tech Lab  
  31  3:15  Marine x2  
  33  3:20  Orbital Command  
  33  3:28  Marine  
  33  3:29  Marine  
  33  3:33  Marine x2  
  37  3:37  Siege Tank  
  37  3:41  SCV  
  41  3:46  Marine x2  
  43  3:52  Supply Depot  
  43  3:54  Marine x2  
  45  3:55  SCV  
  45  3:56  SCV  
  47  4:04  Marine x2  
  47  4:08  SCV  
  50  4:11  Siege Tank  
  53  4:21  Marine x2  
  53  4:22  Marine  
  53  4:23  SCV  
  57  4:24  SCV  
  57  4:28  Supply Depot  
  58  4:36  SCV  
  57  4:51  Marine  
  57  4:52  Siege Tank, Marine x3  
  64  4:53  SCV x2  
  64  4:56  Supply Depot  
  66  5:04  Bunker x2  
  66  5:09  Marine  
  63  5:19  SCV  
  54  5:28  Marine  
  54  5:29  Marine  
  54  5:33  SCV, Barracks  
  56  5:40  Barracks Tech Lab  
  55  5:45  SCV x2  
  55  5:47  Engineering Bay, Marine x2  
  55  5:49  Engineering Bay  
  57  6:00  SCV  
  57  6:01  SCV  
  59  6:05  Stimpack  
  59  6:06  Marine x2, Marauder  
  59  6:09  Command Center  
  63  6:11  Starport  
  63  6:12  SCV  
  63  6:17  SCV  
  63  6:24  SCV  
  64  6:26  Terran Infantry Weapons Level 1, Refinery  
  64  6:27  Refinery, Terran Infantry Armor Level 1  
  64  6:28  Marine, Marauder  
  67  6:37  SCV  
  67  6:38  SCV  
  67  6:39  Marine  
  70  7:02  Marine x2  
  70  7:06  SCV x2  
  74  7:09  Missile Turret  
  74  7:11  Marauder  
  74  7:12  Marauder  
  74  7:14  Supply Depot  
  74  7:15  Supply Depot  
  78  7:17  Barracks  
  78  7:18  Supply Depot  
  78  7:19  Barracks  
  78  7:20  Factory Reactor, Medivac x2  
  78  7:21  SCV  
  83  7:23  SCV  
  83  7:24  Armory  
  83  7:28  Marine x2  
  85  7:49  Marine  
  85  7:50  Marauder  
  66  7:59  Marauder  
  66  8:00  Marine  
  66  8:01  Medivac x2  
  66  8:03  SCV x2  
  74  8:07  Supply Depot, Marine  
  74  8:11  Marauder  
  77  8:15  SCV  
  78  8:23  Barracks Reactor  
  78  8:25  SCV  
  79  8:34  Barracks Tech Lab, Orbital Command  
  79  8:35  SCV  
  79  8:37  SCV  
  79  8:39  Missile Turret  
  81  8:42  Terran Infantry Weapons Level 2  
  81  8:43  Terran Infantry Armor Level 2  
  81  8:46  Marine x2, Marauder  
  81  8:47  SCV, Marauder  
  87  8:55  Marauder  
  89  8:59  Marine  
  90  9:03  Terran Vehicle And Ship Armor Level 1  
  90  9:04  Marine  
  90  9:05  Orbital Command  
  90  9:08  Marauder x2  
  95  9:13  Marine x2  
  95  9:16  Marine, Marauder  
  100  9:29  Marauder x2  
  104  9:35  Marine  
  104  9:36  Marine x3  
  108  9:38  Combat Shields  
  108  9:39  Concussive Shells, Command Center  
  108  9:44  Refinery  
  108  9:45  Refinery  
  108  9:49  SCV x2  
  110  9:55  Marine  
  110  9:56  Supply Depot, Marauder  
  110  9:59  Supply Depot  
  113  10:09  Marine  
  113  10:10  Marauder  
  109  10:19  Medivac x2, Marine x2, Marauder x2  
  117  10:22  Starport  
  117  10:29  Factory Tech Lab  
  117  10:31  Marauder  
  119  10:42  Orbital Command  
  102  10:51  Marine  
  102  10:52  Marine  
Show
View Real Time Build Order
Export as new Build Order

nunu Protoss 

Build Orders: Nexus First, Mass Adepts 

Get SALT Encoding   

  12  0:01  Probe (Chrono Boost)  
  13  0:12  Probe (Chrono Boost)  
  14  0:20  Pylon  
  14  0:22  Probe (Chrono Boost)  
  15  0:38  Probe (Chrono Boost)  
  16  0:49  Probe (Chrono Boost)  
  17  0:59  Nexus  
  17  1:10  Gateway  
  17  1:16  Assimilator  
  17  1:27  Gateway  
  17  1:32  Probe (Chrono Boost)  
  18  1:47  Assimilator, Probe (Chrono Boost)  
  19  1:51  Pylon  
  19  2:00  Cybernetics Core  
  19  2:05  Probe (Chrono Boost)  
  20  2:14  Probe (Chrono Boost)  
  21  2:16  Probe (Chrono Boost)  
  22  2:23  Zealot  
  22  2:25  Probe (Chrono Boost)  
  25  2:30  Pylon  
  25  2:40  Mothership Core (Chrono Boost)  
  25  2:43  Adept  
  28  2:46  Warp Gate  
  28  2:54  Adept  
  30  3:03  Pylon  
  31  3:06  Adept, Probe x2 (Chrono Boost)  
  34  3:26  Robotics Facility  
  34  3:31  Adept  
  34  3:32  Pylon  
  34  3:34  Adept  
  38  3:50  Probe (Chrono Boost)  
  38  3:51  Probe (Chrono Boost)  
  38  3:55  Adept  
  40  3:58  Adept  
  46  4:10  Probe x2 (Chrono Boost)  
  46  4:14  Observer  
  47  4:21  Adept  
  47  4:22  Adept, Probe x2 (Chrono Boost)  
  51  4:29  Pylon  
  53  4:45  Immortal  
  53  4:49  Adept  
  54  4:54  Probe x2 (Chrono Boost)  
  55  5:02  Stalker  
  55  5:06  Probe x2 (Chrono Boost)  
  57  5:18  Probe (Chrono Boost)  
  57  5:19  Probe (Chrono Boost)  
  45  5:33  Immortal  
  45  5:40  Adept x2  
  49  6:00  Adept x2  
  47  6:19  Adept  
  47  6:24  Gateway  
  49  6:28  Gateway  
  49  6:29  Gateway  
  49  6:30  Zealot  
  52  6:33  Pylon  
  52  6:34  Probe x2 (Chrono Boost)  
  52  6:36  Twilight Council  
  52  6:39  Forge  
  53  6:41  Assimilator  
  53  6:44  Assimilator  
  53  6:46  Adept, Probe (Chrono Boost)  
  56  6:57  Adept  
  60  7:01  Probe x2 (Chrono Boost)  
  60  7:03  Observer  
  60  7:05  Pylon  
  60  7:08  Pylon  
  60  7:11  Pylon  
  60  7:13  Probe (Chrono Boost)  
  61  7:24  Zealot x3  
  67  7:32  Immortal, Pylon  
  71  7:40  Pylon  
  71  7:50  Zealot  
  71  7:51  Zealot x4  
  75  7:54  Protoss Ground Weapons Level 1  
  77  7:59  Probe x2 (Chrono Boost)  
  77  8:05  Resonating Glaives  
  77  8:11  Probe x2 (Chrono Boost)  
  77  8:12  Observer  
  79  8:15  Nexus  
  80  8:27  Pylon, Adept x5  
  82  8:29  Pylon  
  82  8:32  Pylon  
  90  8:45  Templar Archives  
  90  8:54  Probe x2 (Chrono Boost)  
  92  9:06  Probe x2 (Chrono Boost)  
  92  9:12  Adept x5  
  101  9:18  Probe (Chrono Boost)  
  101  9:32  Stalker x4, Nexus  
  101  9:33  Stalker  
  111  9:44  Nexus  
  111  9:56  Pylon  
  111  9:59  Pylon  
  110  10:01  Pylon  
  110  10:03  Pylon  
  110  10:05  Pylon  
  109  10:08  Pylon  
  93  10:15  Zealot x4  
  93  10:16  Zealot  
  90  10:30  Probe (Chrono Boost)  
  90  10:31  Probe (Chrono Boost)  
  77  10:43  Probe x2 (Chrono Boost)  
  45  11:06  Adept x3  
  45  11:07  Adept  
Tags
 
Add a new tag
Caveats
  • Supply blocks, unpowered buildings, or Contaminate may cause inaccurate times.
  • Supply counts are checked every 10 seconds.